 Dungeon Crawl Stone Soup version 0.31-a0-142-g31f6795574 (webtiles) character file.

Game seed: 16995005640180485350

504 mopl the Shooter (level 7, -1/55 HPs)
             Began as a Barachi Hunter on June 3, 2023.
             Slain by Menkaure (17 damage)
             ... on level 5 of the Dungeon.
             The game lasted 00:06:36 (4453 turns).

mopl the Shooter (Barachi Hunter)                   Turns: 4453, Time: 00:06:36

Health: -1/55      AC:  9    Str: 20    XL:     7   Next: 17%
Magic:  7/7        EV: 13    Int:  9    God:
Gold:   453        SH:  0    Dex: 16    Spells: 6/6 levels left

rFire   . . .        a - +0 shortbow
rCold   . . .        (shield currently unavailable)
rNeg    . . .        d - +0 ring mail
rPois   .            (no helmet)
rElec   .            u - +2 cloak
rCorr   +            (no gloves)
SInv    .            (no boots)
Will    .....        (no amulet)
Stlth   +            e - +6 ring of strength
HPRegen 0.29/turn    E - ring of resist corrosion
MPRegen 0.10/turn

%: no passive effects
@: unable to hop, slow
A: amphibious, slowness 1, strong legs 1, +LOS
a: Hop


You were on level 5 of the Dungeon.
You visited 1 branch of the dungeon, and saw 5 of its levels.
You also visited: Ossuary.

You collected 453 gold pieces.

Inventory:

Hand Weapons
 a - a +0 shortbow (weapon)
 i - a +0 dagger of venom
Missiles
 g - 8 poisoned darts
 m - 3 javelins
 y - 6 boomerangs
Armour
 d - a +0 ring mail (worn)
 u - a +2 cloak (worn)
 w - a +0 scale mail
Jewellery
 e - a +6 ring of strength (left hand)
 E - a ring of resist corrosion (right hand)
Scrolls
 b - a scroll of butterflies
 f - a scroll of identify {unknown}
 k - 3 scrolls of fog {unknown}
 l - 3 scrolls of immolation {unknown}
 n - a scroll of poison {unknown}
 o - 3 scrolls of magic mapping
 p - 2 scrolls of silence {unknown}
 q - 2 scrolls of amnesia {unknown}
 r - a scroll of brand weapon {unknown}
 s - a scroll of fear {unknown}
 t - a scroll of noise {unknown}
 v - a scroll of teleportation {unknown}
 x - a scroll of vulnerability {unknown}
Potions
 c - a potion of invisibility
 h - a potion of berserk rage {unknown}
 j - 2 potions of heal wounds {unknown}
 z - 2 potions of enlightenment {unknown}
 A - 2 potions of curing {unknown}
 B - 3 potions of mutation {unknown}
 C - a potion of brilliance {unknown}
 D - a potion of haste {unknown}
 F - a potion of lignification {unknown}


   Skills:
 + Level 4.8 Fighting
 + Level 5.4 Ranged Weapons
 + Level 4.1 Armour
 + Level 4.6 Dodging
 - Level 0.8 Stealth


You had 6 spell levels left.
You didn't know any spells.
Your spell library contained the following spells:

 Spells                   Type           Power      Damage    Failure   Level
 Blink                    Tloc           0%         N/A       69%         2
 Lesser Beckoning         Tloc           0%         N/A       69%         2
 Momentum Strike          Conj/Tloc      0%         3d8       69%         2
 Summon Forest            Summ/Tloc      0%         N/A       100%        5
 Eringya's Noxious Bog    Tmut/Pois      0%         N/A       100%        6
 Summon Hydra             Summ           0%         N/A       100%        7


Dungeon Overview and Level Annotations

Branches:
Dungeon (5/15)             Temple (0/1) D:5         Ossuary (visited)

Altars:

Shops:
D:5 ((

Annotations:
D:5 Duvessa, Menkaure


Innate Abilities, Weirdness & Mutations

You are amphibious.
You cover ground slowly.
You can hop short distances.
You have an extended range of vision and can be seen from far away.


Message History

The arrow hits the ogre.
The ogre is moderately wounded.
The hound closely misses you.
Your legs are too worn out to hop.
Unknown command.
Fire: a) +0 shortbow
Press: ? - help, Q - select action, (/) - cycle Shift-Dir - straight line, f/p - hound
Aim: a hound (54% to hit)
You shoot an arrow. The arrow closely misses the hound.
The arrow barely misses the ogre.
The arrow closely misses the adder.
The arrow closely misses the orc.
The hound barely misses you. x2
Menkaure points at you and mumbles some strange words.
Pain shoots through your body!
* * * LOW HITPOINT WARNING * * *
Unknown command.
Fire: a) +0 shortbow
Press: ? - help, Q - select action, (/) - cycle Shift-Dir - straight line, f/p - hound
Aim: a hound (54% to hit)
You shoot an arrow. The arrow completely misses the hound.
The arrow hits the ogre.
The ogre is heavily wounded.
The hound misses you. The hound bites you but does no damage.
Menkaure closely misses you.
Fire: a) +0 shortbow
Press: ? - help, Q - select action, (/) - cycle Shift-Dir - straight line, f/p - hound
Aim: a hound (54% to hit)
You shoot an arrow. The arrow hits the hound.
The hound is lightly wounded.
The hound bites you but does no damage. x2
Menkaure shouts, "Why can't you leave me to my rest?"
Menkaure barely misses you.
Unknown command.
Fire: a) +0 shortbow
Press: ? - help, Q - select action, (/) - cycle Shift-Dir - straight line, f/p - hound
Aim: a hound (lightly wounded, 54% to hit)
You shoot an arrow. The arrow barely misses the hound.
The arrow hits the ogre!
The ogre is severely wounded.
The hound misses you. Menkaure hits you!
You die...

*###########.,,,,,........
**......#* **,*******#....
##........## *,* ####S
#..[.:..?..####,* #.
#.............,,* ######.
#...........#**** #...)..
#.M........#* ####.#####
#..........########......#
#
*#........M@hOSo.........#
#
##........########..#+#..#
#.....<....# #..#∩*..#
#........### #..#**$.#
#........#* #...,,.##
#........∩# #....,.#
#........## ########
##.......# ##......#


You could see an ogre, Menkaure, a hound, an adder and an orc.

Vanquished Creatures
  2 jellies (D:4)
  A hound (D:4)
  Natasha (thrice) (D:3)
  An orc wizard (D:4)
  8 mummies (Ossuary)
  8 adders
  An adder zombie (D:2)
  A worm (D:2)
  10 dart slugs
  3 orcs (D:4)
  8 endoplasms
  4 giant cockroaches
  4 gnoll zombies (Ossuary)
  4 goblins
  7 hobgoblins
  6 jackals
  6 kobolds
  5 quokkas
  8 ball pythons
  2 ball python skeletons (D:2)
  A ball python zombie (D:2)
  8 bats
  7 frilled lizards
  3 hobgoblin zombies (Ossuary)
  A jackal zombie (D:2)
  A kobold zombie (Ossuary)
  A quokka zombie (D:2)
  8 rats
122 creatures vanquished.

Vanquished Creatures (others)
  A quokka (D:3)
1 creature vanquished.

Grand Total: 123 creatures vanquished

Notes
Turn   | Place    | Note
-------+----------+-------------------------------------------
     0 | D:1      | mopl the Barachi Hunter began the quest for the Orb.
     0 | D:1      | Reached XP level 1. HP: 17/17 MP: 1/1
    53 | D:1      | Reached XP level 2. HP: 23/23 MP: 2/2
    58 | D:1      | Reached skill level 1 in Armour
   389 | D:1      | Reached XP level 3. HP: 25/28 MP: 3/3
   467 | D:2      | Reached skill level 3 in Fighting
   632 | D:2      | Reached skill level 3 in Dodging
   646 | D:2      | Reached XP level 4. HP: 35/35 MP: 4/4
   830 | D:2      | Reached skill level 2 in Armour
  1343 | D:3      | Reached XP level 5. HP: 42/42 MP: 5/5
  1795 | D:3      | Noticed Natasha
  1811 | D:3      | Killed Natasha
  2169 | D:3      | Noticed Natasha
  2357 | D:3      | Killed Natasha
  2358 | D:3      | Reached skill level 4 in Fighting
  2547 | D:3      | Noticed Natasha
  2556 | D:3      | Killed Natasha
  2557 | D:3      | Reached skill level 3 in Armour
  3137 | D:4      | Reached skill level 5 in Ranged Weapons
  3137 | D:4      | Reached XP level 6. HP: 34/48 MP: 6/6
  3155 | D:4      | Reached skill level 4 in Dodging
  3181 | D:4      | Found a sand-covered staircase.
  3189 | Ossuary  | Entered an ossuary
  3804 | D:4      | Reached XP level 7. HP: 55/55 MP: 7/7
  4015 | D:4      | Reached skill level 4 in Armour
  4111 | D:4      | Identified the +0 leather armour of Responsibility {rC+
                  | Int+4}
  4363 | D:5      | Entered Level 5 of the Dungeon
  4363 | D:5      | Noticed Menkaure
  4363 | D:5      | Found Syx Hot's Weapon Emporium.
  4423 | D:5      | Found Ciraocyn's Antique Weapon Boutique.
  4425 | D:5      | Noticed Duvessa
  4453 | D:5      | Slain by Menkaure

Illustrated notes

Levels and vault maps discovered:
D:1:      dpeg_arrival_windows_large_door, layout_basic
D:2:      layout_loops_cross, serial_undead, serial_undead_f, serial_undead_d,
          serial_undead_a, serial_undead_f
D:3:      kennysheep_slugbush, layout_basic, st_stairs_5, uniq_natasha
D:4:      layout_basic, enter_ossuary_5, reono_crystal_passage,
          minmay_misc_feat_enclosed, dreamdust_princess_corridor
D:5:      layout_rooms, mainiacjoe_overflow_alcove_2, minmay_temple_entry_tees,
          serial_shops, nicolae_shop_just_a_little_nook, kennysheep_mini_moat,
          shop, uniq_menkaure, uniq_duvessa, uniq_sigmund

Skill      XL: |  1  2  3  4  5  6  7 |
---------------+----------------------+-----
Armour         | 1 2 3 4 |  4.1
Fighting       | 3 4 |  4.8
Dodging        | 3 4 |  4.6
Ranged Weapons | 5 |  5.4
Stealth        | |  0.8

Action                     |  1- 3 |  4- 6 |  7- 9 || total
---------------------------+-------+-------+-------++-------
   Fire: Shortbow          |   107 |   318 |    57 ||   482
Ability: Hop               |       |     2 |     1 ||     3
    Use: Scroll            |       |       |     1 ||     1
 Armour: Ring mail         |    19 |    90 |    14 ||   123
  Dodge: Dodged            |    48 |   115 |    40 ||   203

Table legend: (Time is in decaauts)
 A = Elapsed time spent in this place.
 B = Non-inter-level travel time spent in this place.
 C = Inter-level travel time spent in this place.
 D = Time resting spent in this place.
 E = Time spent auto-exploring this place.
 F = Levels seen in this place.
 G = Mean time per level.
                   A        B        C        D        E       F      G
               +--------+--------+--------+--------+--------+-----+--------+
         Total |   5195 |   4865 |    330 |    787 |   3018 |   6 |  865.8 |
       Dungeon |   4614 |   4284 |    330 |    482 |   2923 |   5 |  922.8 |
       Ossuary |    581 |    581 |      0 |    305 |     95 |   1 |  581.0 |
               +--------+--------+--------+--------+--------+-----+--------+

Top non-repeatable levels by time:
     D:3: 2070 daAuts
     D:4: 1030 daAuts
     D:2: 918 daAuts
 Ossuary: 581 daAuts
     D:1: 557 daAuts
     D:5: 38 daAuts
